[Event "Titled Tuesday Blitz July 4 Late 2023"]
[White "Vargas, Mauricio"]
[Black "Eggleston, Thomas A"]
[WhiteFideId "4404572"]
[BlackFideId "412139"]
[WhiteElo "1894"]
[BlackElo "2349"]
[Result "0-1"]
[Round "7"]
[TimeControl "180+2"]
[Date "2023.07.04"]
[WhiteClock "0:00:00"]
[BlackClock "0:00:37"]
[Board "127"]

1. e4 e6 2. f4 d5 3. e5 c5 4. Nf3 Nc6 5. Bb5 Bd7 6. Bxc6 Bxc6 7. Nc3 d4 8. Nb1 d3 9. Nc3 Nh6 10. O-O c4 11. Qe1 Bc5+ 12. Kh1 dxc2 13. Ne4 Bxe4 14. Qxe4 Qd3 15. Qe1 O-O 16. Ng5 Rae8 17. Rf3 Qf5 18. Ne4 Be7 19. h3 f6 20. g4 Qg6 21. exf6 gxf6 22. Rc3 f5 23. Ng5 fxg4 24. Qxe6+ Kh8 25. Qxg6 hxg6 26. d4 Bxg5 27. fxg5 Re1+ 28. Kg2 gxh3+ 29. Rxh3 Rff1 30. Rxh6+ Kg7 31. Bf4 Rxa1 32. Be5+ Kf7 33. Rh7+ Ke6 34. Rg7 c1=Q 0-1


[Site "https://www.chess.com"]

[Event "Titled Tuesday Blitz July 4 Late 2023"]
[White "Thiel, Thomas"]
[Black "Pasti, Aron"]
[WhiteFideId "4615964"]
[BlackFideId "785857"]
[WhiteElo "2207"]
[BlackElo "2525"]
[Result "1-0"]
[Round "7"]
[TimeControl "180+2"]
[Date "2023.07.04"]
[WhiteClock "0:00:31"]
[BlackClock "0:00:04"]
[Board "128"]

1. e4 e5 2. Nf3 Nc6 3. d4 exd4 4. Nxd4 Bc5 5. Nxc6 bxc6 6. Bd3 d6 7. O-O Nf6 8. Nd2 Bg4 9. Qe1 O-O 10. Nb3 Bb6 11. Be3 Re8 12. f3 Bd7 13. Qf2 d5 14. Bxb6 axb6 15. exd5 cxd5 16. a3 c5 17. c4 Be6 18. Nd2 Rc8 19. Rfe1 Qd7 20. Rad1 Red8 21. cxd5 Nxd5 22. Ne4 Qc6 23. Ng5 Nf4 24. Bxh7+ Kf8 25. Be4 Bd5 26. Qh4 Ne6 27. Nxe6+ fxe6 28. Bg6 Rc7 29. Qh8+ Ke7 30. Qxg7+ Kd6 31. Qe5+ Kd7 32. Be4 Kc8 33. Bxd5 Rxd5 34. Rxd5 exd5 35. Qe6+ Kb7 36. Qxc6+ Kxc6 37. Kf2 Kb5 38. h4 d4 39. h5 c4 40. g4 c3 41. bxc3 dxc3 42. h6 c2 43. g5 c1=Q 44. Rxc1 Rxc1 45. g6 Rh1 46. g7 Rxh6 47. g8=Q Rc6 48. Qb3+ Ka5 49. Qb4+ Ka6 50. Qa4+ Kb7 51. Qxc6+ Kxc6 52. Ke3 Kb5 53. f4 Ka4 54. f5 Kxa3 55. f6 b5 56. f7 b4 57. f8=Q Kb3 58. Kd3 Ka4 59. Qa8+ Kb3 60. Qd5+ Ka3 61. Qc5 Kb3 62. Kd2 Ka3 63. Kc2 Ka4 64. Qa7+ Kb5 65. Kb2 Kc4 66. Qf2 Kb5 67. Kb3 Ka5 68. Qf4 Ka6 69. Qxb4 Ka7 70. Kc4 Ka6 71. Kc5 Ka7 72. Kc6 Ka8 73. Qb7# 1-0


[Site "https://www.chess.com"]

[Event "Titled Tuesday Blitz July 4 Late 2023"]
[White "Buchenau, Frank"]
[Black "Sanchez, Robert"]
[WhiteFideId "4604350"]
[BlackFideId "2034360"]
[WhiteElo "2412"]
[BlackElo "2195"]
[Result "0-1"]
[Round "7"]
[TimeControl "180+2"]
[Date "2023.07.04"]
[WhiteClock "0:00:00"]
[BlackClock "0:00:41"]
[Board "129"]

1. e4 e6 2. d4 d5 3. Nd2 c5 4. Ngf3 Be7 5. dxc5 Bxc5 6. Bd3 Nc6 7. O-O Nf6 8. e5 Nd7 9. Nb3 Be7 10. Re1 Qc7 11. Bf4 h6 12. Bg3 g5 13. h3 h5 14. Qe2 a5 15. c4 dxc4 16. Bxc4 g4 17. hxg4 hxg4 18. Nh2 a4 19. Nd2 Nd4 20. Qxg4 Nc2 21. Qg7 Rf8 22. Ng4 Nxa1 23. Rxa1 b5 24. Bxb5 Qa5 25. Nf6+ Bxf6 26. Bxd7+ Bxd7 27. Qxf6 Qd8 28. Ne4 Qxf6 29. Nxf6+ Kd8 30. Rd1 Ra7 31. f4 Kc8 32. Bf2 Rb7 33. Bc5 Rh8 34. b4 axb3 35. axb3 Bc6 36. Kf2 Rxb3 37. Rc1 Kb7 38. Bd6 Rb2+ 39. Ke3 Rxg2 0-1


[Site "https://www.chess.com"]

[Event "Titled Tuesday Blitz July 4 Late 2023"]
[White "Mangialardo, Tiago Carvalho"]
[Black "Coelho, Ramyres Santana"]
[WhiteFideId "2130718"]
[BlackFideId "2120690"]
[WhiteElo "2115"]
[BlackElo "2299"]
[Result "1/2-1/2"]
[Round "7"]
[TimeControl "180+2"]
[Date "2023.07.04"]
[WhiteClock "0:00:06"]
[BlackClock "0:00:56"]
[Board "130"]

1. e4 c5 2. Nf3 d6 3. Bb5+ Nd7 4. a3 a6 5. Bc4 e6 6. O-O b5 7. Be2 Bb7 8. d3 Ngf6 9. Re1 Be7 10. Bf1 O-O 11. c3 h6 12. d4 cxd4 13. cxd4 Rc8 14. Nc3 d5 15. e5 Ne4 16. Bd3 Nxc3 17. bxc3 Rxc3 18. Qe2 Qb6 19. Bd2 Rxa3 20. Rxa3 Bxa3 21. Bb1 Rc8 22. Qd3 Nf8 23. Qxa3 Rc4 24. Bb4 Ng6 25. h4 Nf8 26. Bxf8 b4 27. Bxb4 Rxb4 28. Qd3 a5 29. Qh7+ Kf8 30. Bd3 Rb3 31. Rc1 a4 32. Bc2 Rc3 33. Rb1 Qc7 34. Bxa4 Rc1+ 35. Rxc1 Qxc1+ 36. Kh2 Qf4+ 37. Kh3 g6 38. Qh8+ Ke7 39. Qf6+ Qxf6 40. exf6+ Kxf6 41. Kg3 Ba6 42. Ne5 Bf1 43. Be8 Ba6 44. Bxf7 Bb7 45. Bxg6 Kg7 46. Bd3 Kf6 47. Kf4 Bc8 48. g4 h5 49. g5+ Kg7 50. Nc6 Bd7 51. Nd8 Be8 52. Ke5 Ba4 53. Nxe6+ Kh8 54. Kxd5 Bd1 55. Ke5 Bf3 56. Kf6 Be4 57. Bxe4 Kg8 58. g6 Kh8 59. Ng5 Kg8 60. Bd5+ Kf8 61. g7+ Ke8 62. g8=Q+ Kd7 63. Qe6+ Kc7 64. Qc6+ Kb8 65. Qd7 1/2-1/2


[Site "https://www.chess.com"]

[Event "Titled Tuesday Blitz July 4 Late 2023"]
[White "CarolinaLujan"]
[Black "Cardenas Carbajal, Nilson"]
[BlackFideId "8401128"]
[WhiteElo "2286"]
[BlackElo "2115"]
[Result "1-0"]
[Round "7"]
[TimeControl "180+2"]
[Date "2023.07.04"]
[WhiteClock "0:00:54"]
[BlackClock "0:00:00"]
[Board "131"]

1. e4 c5 2. g3 g6 3. Bg2 Bg7 4. Ne2 a6 5. O-O Nc6 6. c3 d6 7. d3 Nf6 8. a3 O-O 9. h3 Rb8 10. Be3 Bd7 11. b4 b6 12. Nd2 h5 13. Nf3 Rc8 14. Qd2 Kh7 15. Ng5+ Kg8 16. f4 a5 17. b5 Nb8 18. c4 Be6 19. Nxe6 fxe6 20. Rae1 Nbd7 21. Bf3 Kh7 22. g4 hxg4 23. hxg4 Rh8 24. Ng3 Kg8 25. Qg2 Nf8 26. g5 N6d7 27. Bg4 Qc7 28. Re2 d5 29. exd5 exd5 30. Qxd5+ e6 31. Bxe6+ Nxe6 32. Qxe6+ Kf8 33. Qxg6 Re8 34. Qf5+ Kg8 35. Qd5+ Kf8 36. Nf5 Nb8 37. Rh2 Rxh2 38. Kxh2 Qc8 39. Rf3 Rd8 40. Qe4 Re8 41. Nd6 Rxe4 42. Nxc8 Re8 43. Nxb6 Rd8 44. Bxc5+ Kg8 45. Nd5 1-0


[Site "https://www.chess.com"]

[Event "Titled Tuesday Blitz July 4 Late 2023"]
[White "Fernandez Bustamante, Leancy B."]
[Black "Howell, David W L"]
[WhiteFideId "3523870"]
[BlackFideId "410608"]
[WhiteElo "2104"]
[BlackElo "2997"]
[Result "0-1"]
[Round "7"]
[TimeControl "180+2"]
[Date "2023.07.04"]
[WhiteClock "0:00:00"]
[BlackClock "0:00:14"]
[Board "132"]

1. e4 c5 2. Nf3 Nf6 3. e5 Nd5 4. Nc3 Nxc3 5. bxc3 d6 6. d4 e6 7. Bd3 Nc6 8. exd6 Bxd6 9. O-O h6 10. Qe2 O-O 11. Qe4 f5 12. Qe2 Qf6 13. Ba3 Bd7 14. Rfe1 Rad8 15. Bc4 Rfe8 16. Ne5 Bc8 17. Nxc6 bxc6 18. Rad1 cxd4 19. Bxd6 Rxd6 20. cxd4 Rxd4 21. Rxd4 Qxd4 22. Rd1 Qc5 23. c3 Kh7 24. Qd3 e5 25. Rb1 e4 26. Qe2 f4 27. Rb8 Bg4 28. Qxg4 Rxb8 29. Be2 Qe5 30. h3 Rb1+ 31. Bf1 e3 32. fxe3 fxe3 33. Qe2 Kh8 0-1


[Site "https://www.chess.com"]

[Event "Titled Tuesday Blitz July 4 Late 2023"]
[White "Herman, Matthew"]
[Black "Tsukerman, Julia"]
[WhiteFideId "2028964"]
[BlackFideId "2621649"]
[WhiteElo "2476"]
[BlackElo "2091"]
[Result "1-0"]
[Round "7"]
[TimeControl "180+2"]
[Date "2023.07.04"]
[WhiteClock "0:01:11"]
[BlackClock "0:00:00"]
[Board "133"]

1. Nf3 d5 2. g3 Nf6 3. d3 e6 4. Bg2 Be7 5. O-O O-O 6. Nbd2 c5 7. b3 b5 8. Bb2 Nc6 9. a4 b4 10. e3 Bb7 11. Qe2 a5 12. Rad1 Qc7 13. Rfe1 Rac8 14. h3 Rfe8 15. e4 Nd4 16. Nxd4 cxd4 17. e5 Nd7 18. Rc1 Bc5 19. Nf3 Qb6 20. Qd2 h6 21. Qf4 f6 22. exf6 Nxf6 23. Bxd4 Bxd4 24. Nxd4 Nd7 25. Nf3 Ba6 26. Ne5 Nxe5 27. Rxe5 Rf8 28. Qe3 Qxe3 29. Rxe3 1-0


[Site "https://www.chess.com"]

[Event "Titled Tuesday Blitz July 4 Late 2023"]
[White "Vega Gutierrez, Sabrina"]
[Black "Winkels, Marcel"]
[WhiteFideId "2219026"]
[BlackFideId "1003887"]
[WhiteElo "2389"]
[BlackElo "2081"]
[Result "1-0"]
[Round "7"]
[TimeControl "180+2"]
[Date "2023.07.04"]
[WhiteClock "0:00:30"]
[BlackClock "0:00:04"]
[Board "134"]

1. e4 c5 2. Nf3 d6 3. d4 cxd4 4. Qxd4 a6 5. Be2 Nc6 6. Qe3 g6 7. O-O Bh6 8. Qc3 f6 9. Na3 Bxc1 10. Raxc1 Nh6 11. Nc4 O-O 12. Qe3 Nf7 13. Nb6 Rb8 14. h3 Be6 15. c4 Nfe5 16. Nd2 Nd7 17. Nd5 Bxd5 18. exd5 Nce5 19. f4 Nf7 20. Kh2 a5 21. Nb3 a4 22. Nd4 Nc5 23. b4 axb3 24. axb3 Re8 25. b4 Na6 26. Ne6 Qd7 27. b5 Nc5 28. Nxc5 dxc5 29. Qxc5 Rec8 30. Qe3 Nd6 31. c5 Nf7 32. Bg4 Qxd5 33. Bxc8 Rxc8 34. Qxe7 f5 35. Rfd1 Qe4 36. Qxe4 fxe4 37. c6 bxc6 38. bxc6 Nd8 39. c7 Ne6 40. Rd7 e3 41. Kg1 Nxf4 42. Rd8+ 1-0


[Site "https://www.chess.com"]

[Event "Titled Tuesday Blitz July 4 Late 2023"]
[White "Horokoskii"]
[Black "Alexikov, Alexander"]
[BlackFideId "14103958"]
[WhiteElo "2074"]
[BlackElo "2270"]
[Result "1-0"]
[Round "7"]
[TimeControl "180+2"]
[Date "2023.07.04"]
[WhiteClock "0:00:14"]
[BlackClock "0:00:00"]
[Board "135"]

1. d4 Nf6 2. c4 g6 3. Nc3 Bg7 4. e4 d6 5. f3 O-O 6. Nge2 c5 7. Be3 b6 8. d5 a6 9. Qd2 b5 10. cxb5 axb5 11. Nxb5 Ba6 12. Nec3 Nbd7 13. a4 Qa5 14. Bd3 Ne5 15. Be2 Rfb8 16. O-O Ne8 17. Bg5 Rb7 18. h4 Qb4 19. h5 Nc4 20. Bxc4 Qxc4 21. h6 Bh8 22. Rfb1 Qb4 23. Qc2 Kf8 24. Bd2 c4 25. Nd1 Qc5+ 26. Be3 Qc8 27. Nd4 Kg8 28. Nc6 Qd7 29. Nc3 Rc8 30. Qd2 Rb3 31. Bd4 Nf6 32. Na5 Rb4 33. Nc6 Rb3 34. Re1 Rxc6 35. dxc6 Qxc6 36. Bf2 Bb7 37. Nb5 Qc8 38. Nd4 1-0


[Site "https://www.chess.com"]

[Event "Titled Tuesday Blitz July 4 Late 2023"]
[White "rionelG"]
[Black "Tqebuchava, Zurab"]
[BlackFideId "13601113"]
[WhiteElo "2249"]
[BlackElo "2069"]
[Result "1-0"]
[Round "7"]
[TimeControl "180+2"]
[Date "2023.07.04"]
[WhiteClock "0:00:37"]
[BlackClock "0:00:00"]
[Board "136"]

1. e4 g6 2. d4 Bg7 3. Nc3 d6 4. Bg5 c6 5. Qd2 Nd7 6. O-O-O b5 7. f4 Nb6 8. Kb1 b4 9. Nce2 a5 10. Nc1 Ba6 11. Nf3 Bxf1 12. Rhxf1 Rb8 13. e5 Nc4 14. Qd3 d5 15. f5 Qb6 16. e6 fxe6 17. fxg6 h6 18. Bf4 Rb7 19. Ne5 Nf6 20. Nxc4 dxc4 21. Qxc4 Nd5 22. Be5 Bxe5 23. dxe5 Nc3+ 24. bxc3 bxc3+ 25. Nb3 a4 26. Qxe6 1-0


[Site "https://www.chess.com"]

[Event "Titled Tuesday Blitz July 4 Late 2023"]
[White "Biliy, Vadim"]
[Black "Graham, Nathaniel"]
[WhiteFideId "14114127"]
[BlackFideId "2007983"]
[WhiteElo "2223"]
[BlackElo "2059"]
[Result "1/2-1/2"]
[Round "7"]
[TimeControl "180+2"]
[Date "2023.07.04"]
[WhiteClock "0:00:10"]
[BlackClock "0:00:08"]
[Board "137"]

1. d4 d5 2. Nf3 Nf6 3. e3 c5 4. Be2 Nc6 5. O-O Bg4 6. c4 e6 7. cxd5 Nxd5 8. e4 Nf6 9. e5 Nd5 10. dxc5 Bxc5 11. Bg5 Qb6 12. Nc3 Nxc3 13. bxc3 Bxf3 14. Bxf3 Nxe5 15. Rb1 Nxf3+ 16. Qxf3 Qc6 17. Rxb7 Qxf3 18. gxf3 O-O 19. Rd1 h6 20. Be3 Bb6 21. Rdd7 Rab8 22. Bxb6 axb6 23. Rxf7 Rxb7 24. Rxb7 Rxf3 25. Rxb6 Rxc3 26. Rxe6 Rc2 27. Ra6 Kf7 28. Kg2 Rb2 29. Kg3 Rc2 30. h4 Rb2 31. f3 Rc2 32. h5 Rc5 33. Kg4 Rc4+ 34. f4 Rc1 35. a4 Rg1+ 36. Kf5 Rh1 37. Ra7+ Kg8 38. Ke6 Rxh5 39. a5 Rh4 40. Ra8+ Kh7 41. Ke5 Rh1 42. a6 Ra1 43. f5 h5 44. Kf4 h4 45. Kg4 Ra4+ 46. Kh3 Ra5 47. a7 Ra4 48. Kh2 Ra3 49. Kg2 Ra2+ 50. Kh3 Ra4 51. Kh2 Ra3 52. Kg2 Ra2+ 53. Kh3 Ra4 1/2-1/2


[Site "https://www.chess.com"]

[Event "Titled Tuesday Blitz July 4 Late 2023"]
[White "Ferriz Barrios, Andres"]
[Black "Porat, Tori"]
[WhiteFideId "5104467"]
[BlackFideId "30982626"]
[WhiteElo "2182"]
[BlackElo "2002"]
[Result "1-0"]
[Round "7"]
[TimeControl "180+2"]
[Date "2023.07.04"]
[WhiteClock "0:01:47"]
[BlackClock "0:00:00"]
[Board "138"]

1. d4 d5 2. Nf3 Nf6 3. Nbd2 c5 4. e3 Nc6 5. c3 e6 6. Bd3 cxd4 7. exd4 Bd6 8. O-O O-O 9. Qe2 h6 10. Re1 Re8 11. Ne5 Qc7 12. f4 a6 13. Ndf3 Ne7 14. g4 Nd7 15. g5 Nf5 16. Kh1 Kf8 17. Rg1 Ke7 18. g6 f6 19. Bxf5 fxe5 20. fxe5 Ba3 21. bxa3 exf5 22. a4 Qxc3 23. Bb2 Qb4 24. Qf2 Kd8 25. Rac1 b6 26. Bc3 Qe7 27. a5 b5 28. Nh4 Bb7 29. Nxf5 Qa3 30. Bb4 Qxb4 31. Qh4+ Re7 32. Rc5 1-0


[Site "https://www.chess.com"]

[Event "Titled Tuesday Blitz July 4 Late 2023"]
[White "Hartikainen, Jarmo"]
[Black "Burke, Paul"]
[WhiteFideId "503134"]
[BlackFideId "2605767"]
[WhiteElo "2161"]
[BlackElo "1939"]
[Result "1-0"]
[Round "7"]
[TimeControl "180+2"]
[Date "2023.07.04"]
[WhiteClock "0:00:38"]
[BlackClock "0:00:06"]
[Board "139"]

1. e4 e5 2. Nf3 Nc6 3. Bc4 Be7 4. c3 Nf6 5. Qe2 O-O 6. d4 d6 7. h3 h6 8. O-O a6 9. a4 Bd7 10. Rd1 Qc8 11. Kh2 Nh5 12. Nxe5 dxe5 13. Qxh5 exd4 14. cxd4 Bf6 15. e5 Be7 16. Nc3 b5 17. axb5 axb5 18. Rxa8 Qxa8 19. Nxb5 Na5 20. Bd3 Bxb5 21. Bxb5 Nb3 22. Bxh6 1-0


[Site "https://www.chess.com"]

[Event "Titled Tuesday Blitz July 4 Late 2023"]
[White "Torres Dominguez, David"]
[Black "Upper, John"]
[WhiteFideId "2220857"]
[BlackFideId "2606437"]
[WhiteElo "2148"]
[BlackElo "1931"]
[Result "0-1"]
[Round "7"]
[TimeControl "180+2"]
[Date "2023.07.04"]
[WhiteClock "0:00:00"]
[BlackClock "0:00:24"]
[Board "140"]

1. e4 c5 2. Nf3 Nc6 3. d4 cxd4 4. Nxd4 Nf6 5. Nc3 e5 6. Ndb5 d6 7. Bg5 a6 8. Bxf6 gxf6 9. Na3 b5 10. Nd5 Bg7 11. g3 O-O 12. Bg2 Rb8 13. O-O f5 14. exf5 Bxf5 15. Ne3 Bd7 16. Qxd6 Nd4 17. c3 Rb6 18. Qd5 Ne2+ 19. Kh1 Bc6 20. Qxd8 Rxd8 21. Rfd1 Bxg2+ 22. Kxg2 Rbd6 23. Kf1 Rd2 24. Ke1 Rxd1+ 25. Rxd1 Rxd1+ 26. Nxd1 Nc1 27. Nc2 Nxa2 28. Nde3 Nc1 29. Kd2 Nb3+ 30. Kd3 Nc5+ 31. Ke2 Kf8 32. Nf5 Bf6 33. Nb4 a5 34. Nc6 a4 35. Na7 e4 36. Nxb5 Nd3 0-1


[Site "https://www.chess.com"]

[Event "Titled Tuesday Blitz July 4 Late 2023"]
[White "Gyulamiryan-koryun"]
[Black "campochess"]
[WhiteElo "1721"]
[BlackElo "2127"]
[Result "0-1"]
[Round "7"]
[TimeControl "180+2"]
[Date "2023.07.04"]
[WhiteClock "0:00:00"]
[BlackClock "0:01:04"]
[Board "141"]

1. e4 Nc6 2. d4 e5 3. d5 Nce7 4. c4 Ng6 5. Nc3 Bc5 6. Be3 Bxe3 7. fxe3 d6 8. Nf3 f5 9. exf5 Bxf5 10. Bd3 Nh6 11. O-O O-O 12. e4 Bg4 13. Be2 Nf4 14. g3 Nxe2+ 15. Qxe2 Rf6 16. Qe3 Qd7 17. c5 Raf8 18. c6 bxc6 19. dxc6 Qxc6 20. Nd2 Qb6 21. Nd5 Qxe3+ 22. Nxe3 Bh3 23. Rxf6 Rxf6 24. Nd5 Rf7 25. Rc1 c5 26. Nc4 Rd7 27. Nce3 Be6 28. Rd1 Kf8 29. Nc4 Nf7 30. b3 Ng5 31. Nc3 Bxc4 32. bxc4 Nf3+ 33. Kg2 Nd4 34. a4 Rb7 35. Nb5 a6 0-1


[Site "https://www.chess.com"]

[Event "Titled Tuesday Blitz July 4 Late 2023"]
[White "Broca Jimenez, Fernando"]
[Black "Sainz Aguirre, Ignacio"]
[WhiteFideId "5104742"]
[BlackFideId "5101727"]
[WhiteElo "2239"]
[BlackElo "1944"]
[Result "0-1"]
[Round "7"]
[TimeControl "180+2"]
[Date "2023.07.04"]
[WhiteClock "0:00:09"]
[BlackClock "0:00:21"]
[Board "142"]

1. e4 e6 2. d4 d5 3. exd5 exd5 4. Bd3 Nc6 5. Nf3 Bd6 6. O-O Nge7 7. c3 Bg4 8. Nbd2 Qd7 9. Qc2 h6 10. b4 Bf5 11. b5 Bxd3 12. Qxd3 Nd8 13. Re1 O-O 14. Nb3 Ne6 15. Ne5 Bxe5 16. Rxe5 Ng6 17. Re1 Rfe8 18. Bd2 a6 19. a4 axb5 20. Qxb5 c6 21. Qd3 Nef4 22. Bxf4 Rxe1+ 23. Rxe1 Nxf4 24. Qd2 Qg4 25. g3 Nh3+ 26. Kg2 Ng5 27. Qe3 Qh3+ 28. Kg1 Qf5 29. f4 Ne4 30. a5 Qh5 31. Nc5 Rxa5 32. Nxe4 dxe4 33. Qxe4 Ra2 34. Qe8+ Kh7 35. Qe4+ g6 36. Rf1 Qxh2# 0-1


[Site "https://www.chess.com"]

[Event "Titled Tuesday Blitz July 4 Late 2023"]
[White "Lutz, Igor Oscar"]
[Black "Alimpic, Aleksa"]
[WhiteFideId "2110806"]
[BlackFideId "974323"]
[WhiteElo "1977"]
[BlackElo "2314"]
[Result "0-1"]
[Round "7"]
[TimeControl "180+2"]
[Date "2023.07.04"]
[WhiteClock "0:00:06"]
[BlackClock "0:00:29"]
[Board "143"]

1. d4 g6 2. c4 Bg7 3. Nc3 d6 4. e4 e5 5. Nf3 Bg4 6. Be3 Bxf3 7. gxf3 exd4 8. Bxd4 Bxd4 9. Qxd4 Qf6 10. Qxf6 Nxf6 11. Nd5 Nxd5 12. cxd5 Nd7 13. Rc1 O-O-O 14. Bh3 Kb8 15. Bxd7 Rxd7 16. Ke2 Rf8 17. h4 f5 18. h5 Rdf7 19. hxg6 hxg6 20. Rh2 a5 21. Rg1 fxe4 22. fxe4 Rf4 23. Ke3 Rf3+ 24. Ke2 R8f6 25. Rh8+ Ka7 26. Rg2 R3f4 27. Re8 Kb6 28. Ke3 Rf3+ 29. Ke2 R3f4 30. Ke3 Rf3+ 31. Ke2 Rh3 32. Rg8 Rh4 33. f3 Rh3 34. Rf2 Rg3 35. Ke3 Rg1 36. Rg7 Re1+ 37. Kd2 Ra1 38. a3 Rg1 39. Ke3 Re1+ 40. Kd2 Rxe4 41. Rxg6 Rxg6 42. fxe4 Rg3 43. Re2 Kc5 44. Re3 Rxe3 45. Kxe3 Kc4 46. Kf4 a4 47. Kf5 Kd4 48. Kf4 Kc4 49. Kf5 Kd4 50. Kf4 b6 51. Kf5 b5 52. Kf4 Kd3 53. Kf5 Kc2 54. e5 dxe5 55. Kxe5 Kxb2 56. Ke6 b4 57. Kd7 bxa3 58. Kxc7 a2 59. d6 a1=Q 60. d7 Qd1 0-1


[Site "https://www.chess.com"]

[Event "Titled Tuesday Blitz July 4 Late 2023"]
[White "Bazzano, Sebastian"]
[Black "Oliveira, Tiago Batista"]
[WhiteFideId "104566"]
[BlackFideId "2108291"]
[WhiteElo "2230"]
[BlackElo "2138"]
[Result "0-1"]
[Round "7"]
[TimeControl "180+2"]
[Date "2023.07.04"]
[WhiteClock "0:00:50"]
[BlackClock "0:00:46"]
[Board "144"]

1. d4 Nf6 2. Bf4 g6 3. Nc3 Bg7 4. e4 d6 5. Qd2 c5 6. dxc5 Nh5 7. Be3 Qa5 8. cxd6 Bxc3 9. bxc3 e5 10. Bh6 Be6 11. Be2 Nf6 12. Bg7 Nxe4 13. Qd3 Nxc3 14. Kf1 Rg8 15. Bf6 Nd7 16. Be7 Rc8 17. Nf3 Nxe2 18. Qxe2 Bc4 0-1


[Site "https://www.chess.com"]

[Event "Titled Tuesday Blitz July 4 Late 2023"]
[White "Caruana, Fabiano"]
[Black "Carlsen, Magnus"]
[WhiteFideId "2020009"]
[BlackFideId "1503014"]
[WhiteElo "3125"]
[BlackElo "3266"]
[Result "0-1"]
[Round "8"]
[TimeControl "180+2"]
[Date "2023.07.04"]
[WhiteClock "0:00:01"]
[BlackClock "0:00:09"]
[Board "1"]

1. e4 a6 2. d4 c6 3. c4 d5 4. Nc3 dxe4 5. Nxe4 Nf6 6. Nxf6+ exf6 7. Nf3 Bg4 8. Be2 Bd6 9. O-O O-O 10. h3 Bh5 11. Be3 Re8 12. Qb3 Qc7 13. c5 Bf8 14. Rfe1 Nd7 15. Rac1 f5 16. Ne5 Nxc5 17. dxc5 Bxe2 18. Bf4 g5 19. Rxe2 gxf4 20. Rce1 Re7 21. Nd3 Rae8 22. Rxe7 Rxe7 23. Rxe7 Qxe7 24. f3 Qe3+ 25. Kh2 Bg7 26. Qd1 a5 27. b3 Bd4 28. a3 Kg7 29. b4 a4 30. h4 h5 31. Kh3 Kf6 32. Kh2 Bc3 33. Kh3 Qd2 34. Qf1 Ke6 35. Nf2 Kd5 36. Nd3 Bd4 37. Nc1 Bb2 38. Ne2 Bxa3 39. Qa1 Qxe2 40. Qxa3 Qd1 41. Kh2 Kc4 42. Qa2+ Qb3 43. Qd2 a3 44. Qxf4+ Kc3 45. Qxf5 a2 46. Qf6+ Kc2 47. Qf5+ Qd3 48. Qe5 Qc3 49. Qe2+ Kb3 50. Qd1+ Ka3 0-1


[Site "https://www.chess.com"]

[Event "Titled Tuesday Blitz July 4 Late 2023"]
[White "Paravyan, David"]
[Black "Mamedov, Rauf"]
[WhiteFideId "4194985"]
[BlackFideId "13401653"]
[WhiteElo "2980"]
[BlackElo "3058"]
[Result "0-1"]
[Round "8"]
[TimeControl "180+2"]
[Date "2023.07.04"]
[WhiteClock "0:00:05"]
[BlackClock "0:01:07"]
[Board "2"]

1. d4 d5 2. c4 e6 3. Nf3 c5 4. cxd5 exd5 5. g3 Nc6 6. Bg2 Nf6 7. O-O Be7 8. dxc5 Bxc5 9. a3 Ne4 10. b4 Be7 11. Nfd2 Bf6 12. Ra2 Bf5 13. Bb2 O-O 14. e3 Bxb2 15. Rxb2 Qf6 16. Rb3 Rfd8 17. Qc1 Rac8 18. Qb2 Ne5 19. Qd4 b6 20. a4 Rc2 21. a5 h5 22. axb6 axb6 23. Ra3 h4 24. Ra6 h3 25. Bh1 Nxd2 26. Nxd2 Rxd2 27. Qxd2 Bd3 28. f4 Bxa6 29. Rd1 Nc4 30. Qd4 Qxd4 31. Rxd4 Nxe3 0-1


[Site "https://www.chess.com"]

[Event "Titled Tuesday Blitz July 4 Late 2023"]
[White "Zhigalko, Sergei"]
[Black "Bluebaum, Matthias"]
[WhiteFideId "13502956"]
[BlackFideId "24651516"]
[WhiteElo "2897"]
[BlackElo "3039"]
[Result "0-1"]
[Round "8"]
[TimeControl "180+2"]
[Date "2023.07.04"]
[WhiteClock "0:00:19"]
[BlackClock "0:01:42"]
[Board "3"]

1. e4 e6 2. d4 d5 3. e5 c5 4. c3 Nc6 5. Nf3 Nge7 6. Na3 Bd7 7. Nc2 Qa5 8. dxc5 Ng6 9. b4 Qc7 10. Be2 Ncxe5 11. O-O Be7 12. Ncd4 O-O 13. Nxe5 Nxe5 14. f4 Nc4 15. Bxc4 dxc4 16. Be3 b6 17. cxb6 axb6 18. Qf3 Ra3 19. Bf2 Bxb4 20. Ne2 Bc5 21. Bd4 Bc6 22. Qg3 Bxd4+ 23. Nxd4 Be4 24. Rf2 Qc5 25. Re1 Bd3 26. Re5 Rxc3 27. Qe3 Qxd4 28. Qxd4 Rc1+ 0-1


[Site "https://www.chess.com"]

[Event "Titled Tuesday Blitz July 4 Late 2023"]
[White "Bortnyk, Olexandr"]
[Black "Hamidi, Amir Mohammad"]
[WhiteFideId "14120828"]
[BlackFideId "12563285"]
[WhiteElo "3038"]
[BlackElo "2824"]
[Result "1/2-1/2"]
[Round "8"]
[TimeControl "180+2"]
[Date "2023.07.04"]
[WhiteClock "0:00:02"]
[BlackClock "0:00:28"]
[Board "4"]

1. e4 e6 2. Nf3 d5 3. Nc3 Nf6 4. e5 Ne4 5. Bd3 Nc5 6. Bb5+ c6 7. Bf1 d4 8. Ne2 d3 9. Nf4 dxc2 10. Qxc2 Nba6 11. d4 Nb4 12. Qc4 Nd7 13. a3 Nb6 14. Qb3 N4d5 15. Nd3 Be7 16. h4 Nd7 17. Be2 b6 18. Ng5 h6 19. Ne4 c5 20. dxc5 bxc5 21. O-O O-O 22. h5 Ba6 23. Nf4 Bxe2 24. Nxe2 c4 25. Qg3 Kh8 26. Rd1 Qb6 27. Nf4 Nxf4 28. Bxf4 Nc5 29. Nd6 Bxd6 30. exd6 Nd3 31. d7 Qb5 32. b3 Qxd7 33. bxc4 Nxf4 34. Rxd7 Ne2+ 35. Kh2 Nxg3 36. Kxg3 Kg8 37. Rc1 Rfc8 38. c5 Rc6 39. f3 Rac8 40. Rxa7 Rxc5 41. Rxc5 Rxc5 42. Kg4 Rg5+ 43. Kf4 Rxg2 44. a4 Ra2 45. Ra8+ Kh7 46. Ra7 f6 47. a5 Ra4+ 48. Kg3 e5 49. a6 Ra3 50. Kg4 Ra4+ 51. Kf5 Rf4+ 52. Ke6 Rxf3 53. Kf7 Ra3 54. Kf8 e4 55. Rxg7+ Kh8 56. a7 e3 57. Rg8+ Kh7 58. Rg7+ Kh8 59. Rg8+ Kh7 60. Rg7+ Kh8 1/2-1/2


[Site "https://www.chess.com"]

[Event "Titled Tuesday Blitz July 4 Late 2023"]
[White "Henriquez Villagra, Cristobal"]
[Black "Martinez Alcantara, Jose Eduardo"]
[WhiteFideId "3409350"]
[BlackFideId "3805662"]
[WhiteElo "2860"]
[BlackElo "3030"]
[Result "0-1"]
[Round "8"]
[TimeControl "180+2"]
[Date "2023.07.04"]
[WhiteClock "0:00:10"]
[BlackClock "0:00:29"]
[Board "5"]

1. e4 c5 2. Nf3 d6 3. Bb5+ Nd7 4. d4 cxd4 5. Qxd4 a6 6. Be2 Ngf6 7. Nc3 e6 8. O-O Qc7 9. a4 b6 10. Bg5 Bb7 11. Rfe1 h6 12. Bh4 Be7 13. Rad1 Ne5 14. Bg3 Nfd7 15. Nxe5 dxe5 16. Qe3 O-O 17. Bd3 Rad8 18. Qe2 Nb8 19. Nb1 Nc6 20. c3 Nb8 21. Nd2 Bc6 22. Bxa6 Bxa4 23. Ra1 Bc6 24. Bc4 Nd7 25. b4 Bb7 26. Rec1 Bg5 27. Rc2 Nf6 28. Nf3 Bxe4 29. Bxe5 Qc6 30. Nd4 Qb7 31. Ba6 Qd5 32. f4 Bxc2 33. fxg5 Ne4 34. Bxg7 Kxg7 35. gxh6+ Kh8 36. Qxc2 Rg8 37. Nf3 Qf5 38. Rf1 Qf4 39. Bd3 Qe3+ 0-1


[Site "https://www.chess.com"]

[Event "Titled Tuesday Blitz July 4 Late 2023"]
[White "Andreikin, Dmitry"]
[Black "Ashraf, Artin"]
[WhiteFideId "4158814"]
[BlackFideId "22514805"]
[WhiteElo "2983"]
[BlackElo "2748"]
[Result "1-0"]
[Round "8"]
[TimeControl "180+2"]
[Date "2023.07.04"]
[WhiteClock "0:01:37"]
[BlackClock "0:00:29"]
[Board "6"]

1. e4 c5 2. Nc3 d6 3. Nge2 a6 4. g3 g6 5. Bg2 Bg7 6. O-O Nc6 7. d3 Nf6 8. h3 O-O 9. Bg5 Bd7 10. Qd2 b5 11. Rae1 Rc8 12. Nd5 e6 13. Nxf6+ Bxf6 14. h4 Nd4 15. c3 Nxe2+ 16. Rxe2 a5 17. f4 b4 18. c4 Bd4+ 19. Kh2 f6 20. Bh6 e5 21. Bxf8 Qxf8 22. Bh3 Bxh3 23. Kxh3 h6 24. f5 g5 25. hxg5 hxg5 26. Rh2 Rc7 27. Kg4 Rh7 28. Rfh1 Rxh2 29. Qxh2 Qg7 30. b3 Kf8 31. Qh5 Bc3 32. Qg6 1-0


[Site "https://www.chess.com"]